 Dungeon Crawl Stone Soup version 0.18.1-8-gdd0e5ea (webtiles) character file.

18 jacquesderrida the Charmwright (level 2, -2/24 HPs)
             Began as a Demonspawn Skald on May 22, 2016.
             Slain by a giant gecko (5 damage)
             ... on level 2 of the Dungeon.
             The game lasted 00:00:50 (456 turns).

jacquesderrida the Charmwright (Demonspawn Skald)    Turns: 456, Time: 00:00:52

Health: -2/24      AC:  3    Str: 12    XL:     2   Next: 51%
Magic:  0/5        EV: 11    Int: 13    God:
Gold:   54         SH:  0    Dex: 12    Spells: 1 memorised, 4 levels left

rFire  . . .     SeeInvis .     a - +0 spear
rCold  . . .     Gourm    .     b - +0 leather armour
rNeg   . . .     Faith    .     (no shield)
rPois  .         Spirit   .     (no helmet)
rElec  .         Dismiss  .     (no cloak)
rCorr  .         Reflect  .     (no gloves)
SustAt .         Harm     .     (no boots)
MR     .....     Clarity  +     (no amulet)
Stlth  +.........               (no ring)
                                (no ring)

@: infused, not resistant to hostile enchantments, very unstealthy
A: clarity, powered by death 1, robust 1, no device heal 1
a: no special abilities


You were on level 2 of the Dungeon.
You were not hungry.

You visited 1 branch of the dungeon, and saw 2 of its levels.

You collected 54 gold pieces.

Inventory:

Hand Weapons
 a - a +0 spear (weapon)
Armour
 b - a +0 leather armour (worn)
Scrolls
 e - a scroll of remove curse {unknown}
 f - a scroll of blinking {unknown}
 i - a scroll of enchant weapon {unknown}
Potions
 h - a potion of berserk rage {unknown}
 j - a potion of haste {unknown}
 k - 2 potions of agility {unknown}
Books
 c - a book of Battle

   Spells                             Type                      Level
   a - Infusion                       Charms                       1
   b - Shroud of Golubria             Charms/Translocation         2
   c - Song of Slaying                Charms                       2
   d - Spectral Weapon                Hexes/Charms                 3
   e - Regeneration                   Charms/Necromancy            3
Comestibles
 d - 2 bread rations


   Skills:
 - Level 2.1 Fighting
 + Level 2.2 Polearms
 - Level 0.8 Armour
 - Level 1.1 Dodging
 - Level 2.1 Spellcasting
 - Level 2.8 Charms


You had 4 spell levels left.
You knew the following spells:

 Your Spells              Type           Power        Failure   Level  Hunger
a - Infusion              Chrm           #...         12%         1    ##.....


Dungeon Overview and Level Annotations

Branches:
Dungeon (2/15)

Altars:

Annotations:
D:2 Natasha


Innate Abilities, Weirdness & Mutations

You regenerate a little health from kills.
You possess an exceptional clarity of mind.
You are robust (+10% HP).
Potions and wands are less effective at restoring your health.


Message History

Natasha stares at you and mumbles some strange words.
The magic dart hits you!
The giant gecko hisses menacingly.
The giant gecko completely misses you. The rat barely misses you.
You hit Natasha but do no damage.
Natasha is almost dead.
Natasha barely misses you. The giant gecko bites you.
* * * LOW HITPOINT WARNING * * *
The rat twitches its whiskers.
The rat bites you.
* * * LOW HITPOINT WARNING * * *
Drink which item? (? for menu, Esc to quit)
It was a potion of mutation.
You feel extremely strange.
You feel robust.
Your thoughts seem clearer.
Your system partially rejects artificial healing.
Natasha howls an incantation.
You feel troubled. Natasha casts a spell at you.
You resist with significant effort. The giant gecko bites you.
You die...

###. ... .. ### #.. .
.. ....#..#. ....
...#..(. ..#
.......####.## .#
#....#....###.#
##.wl..........+
###...@h...(..... ..
........r.......# ..#
####..........>.# ....
# #....(......###... .
###...#....###..####.
#..#.........##....
.................. .
........#.#..###.###.
..#......#.....#..##..


You could see Natasha, a dart slug, a giant gecko and a rat.

Vanquished Creatures
  A dart slug (D:2)
  A bat (D:1)
  2 goblins
  5 hobgoblins
  2 kobolds (D:1)
  A quokka (D:2)
  A giant newt (D:1)
  A rat (D:1)
14 creatures vanquished.

Notes
Turn   | Place    | Note
--------------------------------------------------------------
     0 | D:1      | jacquesderrida the Demonspawn Skald began the quest for the Orb.
     0 | D:1      | Reached XP level 1. HP: 16/16 MP: 3/3
    80 | D:1      | Reached skill level 1 in Dodging
   293 | D:1      | Gained mutation: You regenerate a little health from kills. [demonic ancestry]
   293 | D:1      | Reached XP level 2. HP: 17/22 MP: 5/5
   445 | D:2      | Noticed Natasha
   456 | D:2      | Gained mutation: You are robust (+10% HP). [potion of mutation]
   456 | D:2      | Gained mutation: You possess an exceptional clarity of mind. [potion of mutation]
   456 | D:2      | Gained mutation: Potions and wands are less effective at restoring your health. [potion of mutation]
   456 | D:2      | Slain by a giant gecko

Skill      XL: |  1  2 |
---------------+-------+-----
Dodging        | 1 |  1.1
Polearms       | 2 |  2.2
Fighting       | |  2.1
Armour         | |  0.8
Spellcasting   | |  2.1
Charms         | |  2.8

Action                   || total
-------------------------++-------
Melee: Spear             ||    62
 Cast: Infusion          ||     1
  Use: Potion            ||     1
 Stab: Sleeping          ||     2
Armor: Leather armour    ||     9
Dodge: Dodged            ||    29
